 Dungeon Crawl Stone Soup version 0.27-a0-59-gfbafd837a3 (webtiles) character file.

Game seed: 4746707051729597027

1064 Borgoz the Cudgeller (level 8, -8/76 HPs)
             Began as a Gargoyle Berserker on Jan 8, 2021.
             Was a Priest of Trog.
             Mangled by an orc warrior
             ... wielding a +0 trident
              (13 damage)
             ... on level 6 of the Dungeon.
             The game lasted 00:07:12 (6188 turns).

Borgoz the Cudgeller (Gargoyle Berserker)           Turns: 6188, Time: 00:07:14

Health: -8/76      AC: 14    Str: 20    XL:     8   Next: 27%
Magic:  8/8        EV: 11    Int:  9    God:    Trog [***...]
Gold:   376        SH:  5    Dex: 11    Spells: 7/7 levels left

rFire    . . .     SeeInvis .   a - +1 mace
rCold    . . .     Faith    .   (no shield)
rNeg     + . .     Spirit   .   b - +0 scale mail
rPois    ∞         Reflect  +   q - +2 hat
rElec    +         Harm     .   (no cloak)
rCorr    .         Rampage  .   (no gloves)
Will     .....                  (no boots)
Stlth    ..........             w - amulet of reflection
HPRegen  0.22/turn              (no ring)
MPRegen  0.11/turn              (no ring)

@: berserking (expiring), very quick
A: negative energy resistance 1, electricity resistance, unbreathing,
petrification resistance, miasma immunity, AC +5
a: Renounce Religion, Berserk, Trog's Hand


You were on level 6 of the Dungeon.
You worshipped Trog.
Trog was most pleased with you.
You visited 2 branches of the dungeon, and saw 7 of its levels.

You collected 376 gold pieces.

Inventory:

Hand Weapons
 a - a +1 mace (weapon)
Armour
 b - a +0 scale mail (worn)
 q - a +2 hat (worn)
Jewellery
 w - an amulet of reflection (around neck)
Wands
 r - a wand of iceblast (5)
 s - a wand of acid (18)
Scrolls
 d - 2 scrolls of remove curse {unknown}
 e - 3 scrolls of teleportation
 f - a scroll of fear {unknown}
 h - 3 scrolls of noise {unknown}
 i - a scroll of random uselessness {unknown}
 j - 2 scrolls of fog {unknown}
 l - a scroll of blinking {unknown}
 n - 3 scrolls of immolation {unknown}
Potions
 c - 2 potions of might {unknown}
 g - a potion of haste
 k - a potion of heal wounds
 m - a potion of invisibility
 o - a potion of berserk rage
 u - a potion of ambrosia
 v - a potion of cancellation


   Skills:
 + Level 5.6 Fighting
 * Level 6.7 Maces & Flails
 + Level 5.0 Armour
 + Level 3.8 Dodging


You had 7 spell levels left.
You didn't know any spells.
Your spell library was empty.

Dungeon Overview and Level Annotations

Branches:
Dungeon (6/15)             Temple (1/1) D:4

Altars:
Ashenzari
Cheibriados
Elyvilon
Fedhas
Gozag
Hepliaklqana
Kikubaaqudgha
Makhleb
Nemelex Xobeh
Okawaru
Qazlal
Trog
Uskayaw
Vehumet
Wu Jian
Xom
Yredelemnul
Zin
The Shining One


Innate Abilities, Weirdness & Mutations

You are resistant to torment.
Your stone body is resilient. (AC +5)
You are immune to poison.
You resist negative energy. (rN+)
You are resistant to electric shocks. (rElec)
You can survive without breathing.
You are immune to petrification.
You are immune to miasma.


Message History

The orc warrior hits you with a +0 trident!
* * * LOW HITPOINT WARNING * * *
You closely miss the orc. You sock the orc!
You kill the orc!
Trog accepts your kill. You block the orc warrior's attack.
You hit the orc warrior.
The orc warrior is lightly wounded.
You block the orc warrior's attack.
You sock the orc warrior!
The orc warrior is heavily wounded.
You hit the orc warrior.
The orc warrior is heavily wounded.
The orc warrior hits you with a +0 trident.
* * * LOW HITPOINT WARNING * * *
You barely miss the orc warrior.
The orc warrior is heavily wounded.
The orc warrior hits you with a +0 trident!
You die...

..#. ..# .....## .##
##.....# . .## ...
#......#.. ... .......
##.........
##.##........ .........#
# ##.........##...$....#
###..........##..o......
##......>......)@.......
.##.............)...#...
.............##.######..
..............#..##.....
............##...#......
............###.........
...#.......## #.......#
...##.###..# #.......#
....### ##.## ##....###


You could see an orc warrior.

Vanquished Creatures
  Duvessa (D:4)
  2 ogres
  A phantom (D:4)
  Dowan (D:4)
  A water moccasin zombie (D:6)
  A quasit (D:6)
  A hound (D:5)
  2 jellies (D:5)
  3 orc priests
  2 orc wizards
  A centaur skeleton (D:6)
  2 iguanas
  A hound skeleton (D:5)
  A worker ant zombie (D:5)
  9 adders
  A white imp (D:6)
  An ufetubus (D:6)
  3 oozes
  An adder zombie (D:5)
  An adder skeleton (D:2)
  2 worms
  A dart slug (D:1)
  3 leopard geckos
  12 orcs
  5 giant cockroaches
  11 goblins
  7 hobgoblins
  5 jackals
  7 quokkas
  A ball python (D:1)
  6 bats
  8 frilled lizards
  10 kobolds
  A leopard gecko skeleton (D:5)
  A quokka zombie (D:5)
  11 rats
127 creatures vanquished.

Vanquished Creatures (others)
  15 plants (D:5)
15 creatures vanquished.

Grand Total: 142 creatures vanquished

Notes
Turn   | Place    | Note
-------+----------+-------------------------------------------
     0 | D:1      | Borgoz the Gargoyle Berserker began the quest for the Orb.
     0 | D:1      | Reached XP level 1. HP: 14/14 MP: 1/1
   240 | D:1      | Reached XP level 2. HP: 19/19 MP: 2/2
   817 | D:1      | Reached XP level 3. HP: 23/23 MP: 3/3
  1328 | D:2      | Reached ** piety under Trog
  1461 | D:2      | Reached XP level 4. HP: 29/29 MP: 4/4
  1856 | D:2      | Reached skill level 4 in Maces & Flails
  2582 | D:2      | Found a blossoming altar of Fedhas.
  2961 | D:3      | Reached XP level 5. HP: 33/33 MP: 5/5
  3111 | D:3      | Found a bloodstained altar of Trog.
  3184 | D:3      | Reached *** piety under Trog
  3648 | D:4      | Reached XP level 6. HP: 21/39 MP: 6/6
  4042 | D:4      | Noticed a phantom
  4090 | D:4      | Killed a phantom
  4091 | D:4      | Reached skill level 5 in Maces & Flails
  4219 | D:4      | Found a staircase to the Ecumenical Temple.
  4234 | Temple   | Entered the Ecumenical Temple
  4733 | D:5      | Entered Level 5 of the Dungeon
  4733 | D:5      | Noticed Duvessa
  4733 | D:5      | Noticed Dowan
  4752 | D:4      | Killed Duvessa
  4753 | D:4      | Reached XP level 7. HP: 32/44 MP: 7/7
  4766 | D:4      | Killed Dowan
  5123 | D:5      | Found a radiant altar of Vehumet.
  5271 | D:5      | Reached skill level 5 in Fighting
  5722 | D:5      | Reached skill level 6 in Maces & Flails
  5910 | D:6      | Reached XP level 8. HP: 33/50 MP: 8/8
  6179 | D:6      | Reached skill level 5 in Armour
  6188 | D:6      | Mangled by an orc warrior

Illustrated notes

Levels and vault maps discovered:
D:1:      scummos_arrival_forest, layout_basic
D:2:      layout_loops_cross, marbit_many_paths, eino_curves_02, st_stairs_1,
          minmay_box_of_dots
D:3:      layout_basic, serial_corexii_hall, corexii_hall_statues_u,
          corexii_hall_statues_s, trog_three_pillars_becter
D:4:      layout_loops_ring, minmay_temple_entry_nine_rooms,
          nrook_loot_triangle, kennysheep_another_room,
          kennysheep_generic_room_6
D:5:      layout_loops_ring, vehumet_crystals, serial_bayou,
          serial_bayou_lagoon_a, serial_bayou_pond_c, serial_bayou_lake_a,
          serial_bayou_pond_b, minmay_misc_feat_hallway, uniq_duvessa
D:6:      layout_cave_pools, trog_wizard, uniq_prince_ribbit1
Temple:   eino_temple_scatter_basement

Skill      XL: |  1  2  3  4  5  6  7  8 |
---------------+-------------------------+-----
Dodging        | 2 3 |  3.8
Maces & Flails | 4 5 6 |  6.7
Armour         | 3 4 5 |  5.0
Fighting       | 4 5 |  5.6

Action                   |  1- 3 |  4- 6 |  7- 9 || total
-------------------------+-------+-------+-------++-------
Melee: Mace              |   110 |   274 |   186 ||   570
Invok: Trog's Hand       |       |       |     3 ||     3
       Berserk           |       |       |     3 ||     3
  Use: Scroll            |       |     1 |     8 ||     9
       Potion            |       |     2 |       ||     2
 Stab: Sleeping          |     1 |       |       ||     1
Armor: Animal skin       |    42 |    35 |       ||    77
       Scale mail        |       |    79 |   116 ||   195
Dodge: Dodged            |    82 |   158 |   100 ||   340
Block: Other             |       |       |    35 ||    35
       Reflection        |       |       |     1 ||     1

Table legend: (Time is in decaauts)
 A = Elapsed time spent in this place.
 B = Non-inter-level travel time spent in this place.
 C = Inter-level travel time spent in this place.
 D = Time resting spent in this place.
 E = Time spent auto-exploring this place.
 F = Levels seen in this place.
 G = Mean time per level.
                   A        B        C        D        E       F      G
               +--------+--------+--------+--------+--------+-----+--------+
         Total |   6343 |   6119 |    224 |    984 |   3915 |   7 |  906.1 |
       Dungeon |   6140 |   5934 |    206 |    984 |   3731 |   6 | 1023.3 |
        Temple |    202 |    184 |     18 |      0 |    184 |   1 |  202.0 |
               +--------+--------+--------+--------+--------+-----+--------+

Top non-repeatable levels by time:
     D:2: 1451 daAuts
     D:1: 1325 daAuts
     D:5: 1174 daAuts
     D:4: 1037 daAuts
     D:3: 836 daAuts
     D:6: 314 daAuts
  Temple: 202 daAuts
